 Dungeon Crawl Stone Soup version 0.29.1-13-g9f3cf754e1 (webtiles) character file.

Game seed: 4697838676866624560

150 croobank the Cleaver (level 5, -4/37 HPs)
             Began as a Gnoll Wanderer on Jan 21, 2023.
             Slain by a water moccasin (7 damage)
             ... on level 3 of the Dungeon.
             The game lasted 00:12:29 (3795 turns).

croobank the Cleaver (Gnoll Wanderer)               Turns: 3795, Time: 00:12:30

Health: -4/37      AC:  2    Str:  9 (10) XL:     5   Next: 32%
Magic:  18/18      EV: 11    Int: 13 (16) God:
Gold:   158        SH:  8    Dex:  9 (10) Spells: 9/10 levels left

rFire   . . .      SeeInvis .   a - +0 war axe
rCold   + . .      Faith    .   b - +0 buckler
rNeg    . . .      Spirit   .   d - +0 robe
rPois   .          Reflect  .   (no helmet)
rElec   .          Harm     .   (no cloak)
rCorr   .          Rampage  .   (no gloves)
Will    .....                   (no boots)
Stlth   +.........              (no amulet)
HPRegen 0.12/turn               g - ring of magical power
MPRegen 0.16/turn               (no ring)

@: lethally poisoned (-4 -> -17)
A: fangs 1, strong nose, distributed training, large bone plates 1, cold
resistance 1
a: no special abilities


You were on level 3 of the Dungeon.
You visited 1 branch of the dungeon, and saw 4 of its levels.

You collected 158 gold pieces.

Inventory:

Hand Weapons
 a - a +0 war axe (weapon)
 m - a +0 short sword
Missiles
 r - 4 poisoned darts
Armour
 b - a +0 buckler (worn)
 d - a +0 robe (worn)
 t - a +1 ring mail of fire resistance
Jewellery
 g - a ring of magical power (left hand)
 s - a ring of fire
Scrolls
 e - a scroll of butterflies {unknown}
 f - a scroll of teleportation {unknown}
 k - a scroll of magic mapping {unknown}
 l - a scroll of blinking {unknown}
 n - 4 scrolls of identify
 o - a scroll of summoning {unknown}
 p - 4 scrolls of enchant armour {unknown}
 q - 3 scrolls of immolation {unknown}
Potions
 h - a potion of lignification


   Skills:
 + Level 1.5 Fighting
 + Level 1.5 Short Blades
 + Level 1.5 Long Blades
 + Level 8.6 Axes
 + Level 1.5 Maces & Flails
 + Level 1.5 Polearms
 + Level 1.5 Staves
 + Level 1.5 Ranged Weapons
 + Level 3.0 Throwing
 + Level 1.5 Armour
 + Level 1.5 Dodging
 + Level 1.5 Stealth
 + Level 3.0 Shields
 + Level 1.5 Unarmed Combat
 + Level 3.2 Spellcasting
 + Level 1.2 Conjurations
 + Level 1.2 Hexes
 + Level 1.2 Summonings
 + Level 1.2 Necromancy
 + Level 1.2 Translocations
 + Level 1.2 Transmutations
 + Level 1.2 Fire Magic
 + Level 1.2 Ice Magic
 + Level 5.5 Air Magic
 + Level 1.2 Earth Magic
 + Level 1.2 Poison Magic
 + Level 1.7 Invocations
 + Level 1.5 Evocations


You had 9 spell levels left.
You knew the following spells:

 Your Spells              Type           Power      Damage    Failure   Level
a - Shock                 Conj/Air       40%        1d5       8%          1

Your spell library contained the following spells:

 Spells                   Type           Power      Damage    Failure   Level
 Swiftness                Air            16%        N/A       9%          3
 Dazzling Flash           Conj/Hex       10%        N/A       47%         3
 Iskenderun's Mystic Bla  Conj/Tloc      5%         2d3       87%         4
 Starburst                Conj/Fire      2%         6d3       100%        6


Dungeon Overview and Level Annotations

Branches:
Dungeon (4/15)
 Temple: D:4-7

Altars:
Dithmenos
Trog
Zin

Shops:
D:2 (((=

Annotations:
D:3 Terence


Innate Abilities, Weirdness & Mutations

You have very sharp teeth.
Your uncanny sense of smell can sniff out nearby items.
Your experience applies equally to all skills.
You are partially covered in large bone plates. (SH +4)
Your flesh is cold resistant. (rC+)


Message History

h - a potion of lignification You block the jackal's attack.
The water moccasin bites you! The jackal barely misses you.
The water moccasin misses you.
It was a potion of mutation.
You feel extremely strange.
You feel resistant to cold.
Large bone plates grow over parts of your arms.
The jackal bites you.
The water moccasin bites you but does no damage.
As you read the scroll of fear, it crumbles to dust.
You assume a fearsome visage.
The water moccasin looks frightened!
The jackal looks frightened!
Cornered, the water moccasin turns to fight!
Okay, then.
It was a potion of flight.
You feel very buoyant.
You fly up into the air.
You block the water moccasin's attack. x2
Okay, then.
Okay, then.
You aren't carrying any items that you can evoke.
It was a potion of degeneration.
There was something very wrong with that liquid.
You feel weakened.
You feel dopey.
You feel clumsy. You block the water moccasin's attack.
It was a potion of curing.
You feel better. The water moccasin bites you!
You aren't carrying any items that you can evoke.
Okay, then.
You closely miss the water moccasin. The water moccasin misses you.
The water moccasin bites you.
You slash the water moccasin!
The water moccasin is moderately wounded.
The water moccasin bites you.
* * * LOW HITPOINT WARNING * * *
It was a potion of cancellation.
Your magical effects are unravelling.
You feel magically purged.
You float gracefully downwards.
The water moccasin bites you.
* * * LOW HITPOINT WARNING * * *
You are lethally poisoned!
The water moccasin poisons you! The water moccasin bites you!
You die...

##.##.##≈≈§§.≈§≈###
#....##≈≈≈..§§≈#
##..###≈≈≈..≈§§#
##..#####''#####
##.# #..###.# .#
#......# .#
######.# .# #.# ..
#@# #.#########S#
#...h....##.#
####.......#
#.##..### #.##.>#
#.###.#
######...#.# #
#...##...###


You could see a water moccasin.

Vanquished Creatures
  A howler monkey (D:3)
  Jessica (D:2)
  2 adders (D:2)
  A worm (D:2)
  2 orcs (D:3)
  6 ball pythons
  6 endoplasms
  2 giant cockroaches
  7 goblins
  7 hobgoblins
  8 jackals
  A quokka (D:2)
  6 bats
  5 frilled lizards
  4 kobolds
  6 rats
65 creatures vanquished.

Notes
Turn   | Place    | Note
-------+----------+-------------------------------------------
     0 | D:1      | croobank the Gnoll Wanderer began the quest for the Orb.
     0 | D:1      | croobank set off with the following items: a +0 war axe, a
                  | +0 buckler, a scroll of fear, a +0 robe; and the following
                  | spell memorised: Shock; and the following spells available
                  | to memorise: Swiftness.
     0 | D:1      | Reached XP level 1. HP: 13/13 MP: 4/4
   276 | D:1      | Reached XP level 2. HP: 14/19 MP: 5/5
  1231 | D:1      | Reached XP level 3. HP: 25/25 MP: 7/7
  1384 | D:2      | Found Waocazu's Weapon Emporium.
  1578 | D:2      | Found Gacof's Weapon Shop.
  1655 | D:2      | Reached skill level 1 in Invocations
  1772 | D:2      | Reached skill level 1 in Fighting
  1772 | D:2      | Reached skill level 1 in Short Blades
  1772 | D:2      | Reached skill level 1 in Long Blades
  1772 | D:2      | Reached skill level 1 in Maces & Flails
  1772 | D:2      | Reached skill level 1 in Polearms
  1772 | D:2      | Reached skill level 1 in Staves
  1772 | D:2      | Reached skill level 1 in Ranged Weapons
  1772 | D:2      | Reached skill level 1 in Armour
  1772 | D:2      | Reached skill level 1 in Dodging
  1772 | D:2      | Reached skill level 1 in Stealth
  1772 | D:2      | Reached skill level 1 in Unarmed Combat
  1772 | D:2      | Reached skill level 1 in Evocations
  1941 | D:2      | Found Hefusch's Weapon Boutique.
  2096 | D:2      | Noticed Jessica
  2104 | D:2      | Killed Jessica
  2105 | D:2      | Reached XP level 4. HP: 28/32 MP: 8/8
  2183 | D:2      | Found Pyuterpho's Jewellery Emporium.
  2194 | D:2      | Found a glowing silver altar of Zin.
  2253 | D:2      | Reached skill level 1 in Conjurations
  2253 | D:2      | Reached skill level 1 in Hexes
  2253 | D:2      | Reached skill level 1 in Summonings
  2253 | D:2      | Reached skill level 1 in Necromancy
  2253 | D:2      | Reached skill level 1 in Translocations
  2253 | D:2      | Reached skill level 1 in Transmutations
  2253 | D:2      | Reached skill level 1 in Fire Magic
  2253 | D:2      | Reached skill level 1 in Ice Magic
  2253 | D:2      | Reached skill level 1 in Earth Magic
  2253 | D:2      | Reached skill level 1 in Poison Magic
  2841 | D:3      | Found a shadowy altar of Dithmenos.
  3070 | D:3      | Reached XP level 5. HP: 22/37 MP: 9/9
  3667 | D:3      | Noticed Terence
  3668 | D:3      | Found a bloodstained altar of Trog.
  3760 | D:4      | Noticed a water moccasin
  3773 | D:4      | Noticed an ogre
  3783 | D:3      | Gained mutation: Your flesh is cold resistant. (rC+)
                  | [potion of mutation]
  3783 | D:3      | Gained mutation: You are partially covered in large bone
                  | plates. (SH +4) [potion of mutation]
  3795 | D:3      | Slain by a water moccasin

Illustrated notes

Levels and vault maps discovered:
D:1:      minmay_arrival_stair_chambers, layout_basic, nrook_loot_triangle
D:2:      layout_loops_ring, serial_shops, nicolae_shop_hallway_stairs,
          nicolae_shop_stone, shop, nicolae_shop_bloodbath_and_beyond,
          basic_altar, minivault_5, chequers_serial_rivers_room_a, uniq_jessica
D:3:      layout_basic, nzn_overflow_gifts_of_might_and_magic,
          nicolae_dithmenos_shadow_blocks, kennysheep_generic_room_5
D:4:      minmay_general_purpose_star, layout_basic

Skill      XL: |  1  2  3  4 |
---------------+-------------+-----
Invocations    | 1 |  1.7
Fighting       | 1 |  1.5
Short Blades   | 1 |  1.5
Long Blades    | 1 |  1.5
Maces & Flails | 1 |  1.5
Polearms       | 1 |  1.5
Staves         | 1 |  1.5
Ranged Weapons | 1 |  1.5
Armour         | 1 |  1.5
Dodging        | 1 |  1.5
Stealth        | 1 |  1.5
Unarmed Combat | 1 |  1.5
Evocations     | 1 |  1.5
Spellcasting   | 3 |  3.2
Conjurations   | 1 |  1.2
Hexes          | 1 |  1.2
Summonings     | 1 |  1.2
Necromancy     | 1 |  1.2
Translocations | 1 |  1.2
Transmutations | 1 |  1.2
Fire Magic     | 1 |  1.2
Ice Magic      | 1 |  1.2
Earth Magic    | 1 |  1.2
Poison Magic   | 1 |  1.2
Throwing       | 3 |  3.0
Shields        | 3 |  3.0
Axes           | |  8.6
Air Magic      | |  5.5

Action                   |  1- 3 |  4- 6 || total
-------------------------+-------+-------++-------
Melee: War axe           |    92 |   106 ||   198
       Bite              |     6 |     7 ||    13
  Use: Potion            |       |     5 ||     5
       Scroll            |       |     3 ||     3
 Stab: Sleeping          |     1 |       ||     1
Armor: Robe              |    25 |    14 ||    39
Dodge: Dodged            |    58 |    67 ||   125
Block: Buckler           |    16 |    30 ||    46
